AoeStats
← EMPEROR98265292

Fortress

510174300Analyzed
4v4 RM · 2d ago on Sep 29, 2026· 42m 58s· 8 players
Game mode
Random Map
Map size
Huge
Population
200
Speed
Normal
Resources
Standard
Victory
Conquest
Starting age
Dark Age
Ending age
Imperial Age
RankedLock teamsTeams togetherTeam positionsShared explorationLock speedFull tech treeHidden civsTurbo modeCheats
Victory
Defeat
🇮🇳 Danes · India
1543
+11
🇹🇼 Italians · Taiwan
1493
+13
🇬🇧 Vietnamese · United Kingdom
1466
+14
🇮🇳 Georgians · India
1408
+17
🇫🇷 Dravidians · France
1508
-16
🇹🇷 Bulgarians · Türkiye
1433
-14
🇮🇪 Mongols · Ireland
1414
-13
🇺🇸 Lithuanians · United States
1383
-12
monster
7:55 Feudal Age
6:11 Loom
12:38 Castle Age
10:24 Loom
10:25 Horse Collar
10:33 Double-Bit Axe
17:44 Imperial Age
16:40 Scale Barding Armor
20:20 Fletching
23:04 Bodkin Arrow
33:29 Forging
33:20 Scale Mail Armor
39:14 Chain Mail Armor
40:10 Wheelbarrow
40:47 Heavy Plow
Half_59
7:01 Feudal Age
10:52 Castle Age
8:52 Double-Bit Axe
9:04 Horse Collar
11:55 Bow Saw
13:37 Wheelbarrow
16:38 Gold Mining
19:50 Stone Mining
23:08 Imperial Age
21:17 Hand Cart
20:48 Town Watch
21:12 Heavy Plow
22:37 Loom
22:59 Fletching
23:10 Padded Archer Armor
24:02 Bodkin Arrow
24:23 Leather Archer Armor
25:12 Chemistry
24:33 Ballistics
25:11 Fortified Wall
24:24 Elite Elephant Archer
27:15 Bracer
27:49 Ring Archer Armor
28:27 Thumb Ring
29:47 Husbandry
31:10 Elite Skirmisher
32:22 Pikeman
33:02 Squires
32:48 Gambesons
32:49 Arson
33:15 Forging
33:05 Scale Mail Armor
33:43 Conscription
33:30 Medical Corps
36:56 Iron Casting
36:36 Chain Mail Armor
38:59 Blast Furnace
38:29 Plate Mail Armor
37:21 Halberdier
40:35 Siege Elephant
42:43 Caravan
IWUDJA
6:44 Feudal Age
10:31 Castle Age
8:49 Double-Bit Axe
8:51 Horse Collar
11:34 Bow Saw
12:44 Wheelbarrow
17:30 Town Watch
17:45 Loom
18:19 Hand Cart
20:45 Heavy Plow
20:49 Gold Mining
20:50 Stone Mining
25:42 Imperial Age
23:51 Fletching
24:51 Bodkin Arrow
24:57 Padded Archer Armor
25:37 Stone Shaft Mining
26:59 Caravan
27:32 Conscription
27:41 Parthian Tactics
27:28 Bloodlines
27:18 Husbandry
27:20 Bracer
27:35 Leather Archer Armor
27:55 Siege Engineers
29:35 Leather Archer Armor
29:42 Ballistics
30:34 Elite Mangudai
32:35 Chemistry
31:46 Masonry
33:25 Drill
33:31 Onager
34:59 Hoardings
34:32 Thumb Ring
35:39 Heavy Scorpion
37:21 Capped Ram
39:46 Gold Shaft Mining
38:49 Siege Ram
38:50 Siege Onager
39:57 Scale Barding Armor
40:02 Forging
39:15 Light Cavalry
39:59 Siege Ram
40:41 Siege Ram
42:10 Chain Barding Armor
42:26 Iron Casting
41:13 Hussar
Laggy
7:16 Feudal Age
11:17 Castle Age
9:05 Double-Bit Axe
10:11 Horse Collar
10:37 Stone Mining
10:39 Gold Mining
12:33 Bow Saw
21:02 Wheelbarrow
24:54 Imperial Age
22:27 Stone Mining
22:40 Loom
23:53 Bloodlines
23:43 Husbandry
23:50 Scale Barding Armor
23:56 Forging
23:57 Town Watch
24:55 Chain Barding Armor
26:45 Chemistry
27:28 Conscription
30:37 Plate Barding Armor
30:43 Iron Casting
32:52 Fortified Wall
34:39 Elite Leitis
Sanskari Ladka
6:48 Feudal Age
10:52 Castle Age
9:29 Double-Bit Axe
9:29 Horse Collar
18:10 Wheelbarrow
18:20 Loom
20:05 Bow Saw
20:35 Heavy Plow
22:45 Gold Mining
22:46 Stone Mining
26:47 Imperial Age
24:34 Hand Cart
24:50 Caravan
25:25 Scale Barding Armor
25:31 Forging
26:52 Stone Shaft Mining
26:40 Chain Barding Armor
26:40 Bloodlines
26:30 Husbandry
27:11 Elite Monaspa
28:35 Plate Barding Armor
31:57 Iron Casting
35:41 Aznauri Cavalry
36:04 Conscription
41:45 Blast Furnace
EMPEROR98265292
7:17 Feudal Age
7:44 Feudal Age
8:27 Horse Collar
8:46 Double-Bit Axe
12:05 Castle Age
9:51 Horse Collar
14:21 Bow Saw
14:02 Loom
15:19 Wheelbarrow
18:03 Heavy Plow
20:14 Gold Mining
22:11 Gold Shaft Mining
22:12 Hand Cart
22:08 Caravan
26:23 Imperial Age
24:02 Hamask
24:43 Scale Mail Armor
24:54 Forging
24:59 Squires
24:44 Arson
24:20 Man-at-Arms
24:48 Gambesons
25:58 Chain Mail Armor
26:57 Iron Casting
26:38 Elite Varangian Guard
27:54 Plate Mail Armor
27:48 Conscription
29:36 Blast Furnace
28:16 Capped Ram
30:06 Siege Ram
34:06 Siege Engineers
38:08 Northmen's Fury
Frankie Fast Hands
7:44 Feudal Age
11:40 Castle Age
9:45 Double-Bit Axe
10:04 Horse Collar
14:00 Bow Saw
20:10 Wheelbarrow
20:05 Heavy Plow
21:15 Hand Cart
21:35 Gold Mining
21:42 Loom
22:03 Stone Mining
23:50 Stone Shaft Mining
23:26 Caravan
26:48 Imperial Age
24:42 Fletching
24:53 Padded Archer Armor
26:03 Bodkin Arrow
26:24 Leather Archer Armor
28:33 Chemistry
27:12 Elite Rattan Archer
28:41 Bracer
29:12 Ring Archer Armor
29:16 Thumb Ring
31:44 Bombard Tower
34:50 Ballistics
39:19 Siege Engineers
39:25 Masonry
39:02 Arrowslits
41:01 Town Watch
ss839059
8:11 Feudal Age
9:02 Double-Bit Axe
8:58 Horse Collar
11:36 Castle Age
12:32 Bow Saw
12:33 Heavy Plow
18:54 Crossbowman
20:50 Loom
21:41 Wheelbarrow
22:20 Thumb Ring
22:07 Fletching
23:05 Bodkin Arrow
23:10 Padded Archer Armor
26:17 Imperial Age
24:04 Hand Cart
24:46 Ballistics
25:00 Leather Archer Armor
25:17 Gold Mining
26:31 Arbalester
27:19 Bracer
27:50 Ring Archer Armor
27:27 Capped Ram
30:02 Stone Mining
32:48 Chemistry
32:36 Caravan
32:21 Elite Skirmisher
34:12 Conscription
35:39 Two-Man Saw
35:10 Crop Rotation
35:44 Silk Road
40:12 Elite Genoese Crossbowman
Connection lost

Rejoining the realm…

Still unreachable

The connection could not be restored.

Session expired

The server has moved on; the page needs a fresh start.